 Dungeon Crawl Stone Soup version 0.14.2 (webtiles) character file.

35 Amnesiac the Ducker (level 1, -2/10 HPs)
             Began as a Spriggan Gladiator on Feb 11, 2018.
             Slain by a kobold
             ... wielding a +0,+0 whip
              (3 damage)
             ... on Level 1 of the Dungeon.
             The game lasted 00:00:45 (208 turns).

Amnesiac the Ducker (Spriggan Gladiator)             Turns: 208, Time: 00:00:45

HP  -2/10        AC  2     Str 11      XL: 1   Next: 66%
MP   2/2         EV 20     Int  9      God:
Gold 30          SH  0     Dex 16      Spells:  0 memorised,  0 levels left

rFire  . . .     SeeInvis +     a - +0 quarterstaff
rCold  . . .     Clarity  .     b - +0 animal skin
rNeg   . . .     Conserve .     (shield restricted)
rPois  .         rCorr    .     c - +0 hat
rElec  .         rRot     .     (no cloak)
SustAb . .       Spirit   .     (gloves unavailable)
rMut   .         Warding  .     (boots unavailable)
Saprov . . .     Stasis   .     (no amulet)
MR     .....                    (no ring)
                                (no ring)

@: very quick, not resistant to hostile enchantments, unstealthy
A: unfitting armour, see invisible, herbivore 3, speed 3, slow metabolism 2
a: no special abilities


You were on level 1 of the Dungeon.
You were not hungry.

You visited 1 branch of the dungeon, and saw 1 of its levels.

You collected 30 gold pieces.

Inventory:

Hand weapons
 a - a +0,+0 quarterstaff (weapon)
Missiles
 d - 3 throwing nets (quivered)
Armour
 b - a +0 animal skin (worn)
 c - a +0 hat (worn)
Scrolls
 f - a scroll of remove curse {!r, unknown}
Potions
 e - a potion of porridge {!q}
 g - a potion of heal wounds {!q, unknown}


   Skills:
 - Level 1.5 Fighting
 * Level 2.3 Staves
 - Level 2.1 Throwing
 + Level 4.6 Dodging


You couldn't memorise any spells.
You didn't know any spells.

Dungeon Overview and Level Annotations

Branches:
Dungeon (1/15)

Altars:


Innate Abilities, Weirdness & Mutations

You are tiny and cannot use many weapons and most armour.
You have supernaturally acute eyesight.
You are a herbivore.
You cover ground extremely quickly.
You need consume almost no food.


Message History

The bat misses you.
A bat is nearby!
The bat misses you.
A bat is nearby!
The bat completely misses you. The bat closely misses you.
You closely miss the bat. The bat closely misses you. The bat hits you.
You closely miss the bat. The bat completely misses you.
A bat is nearby!
You closely miss the bat. The bat completely misses you. The bat misses you.
The bat completely misses you.
A bat is nearby!
You sock the bat!
You kill the bat!
A giant cockroach comes into view.
Found 26 bolts.
A rat comes into view.
There are monsters nearby!
There are monsters nearby!
There are monsters nearby!
You closely miss the giant cockroach. The rat completely misses you.
The giant cockroach closely misses you.
There are monsters nearby!
You closely miss the giant cockroach. The giant cockroach misses you.
The rat bites you.
The giant cockroach completely misses you.
There are monsters nearby!
You hit the giant cockroach.
The giant cockroach is almost dead.
The rat bites you but does no damage. The giant cockroach misses you.
The rat misses you.
There are monsters nearby!
You completely miss the giant cockroach.
The giant cockroach is almost dead.
The giant cockroach barely misses you. The rat bites you.
* * * LOW HITPOINT WARNING * * *
There are monsters nearby!
You hit the giant cockroach but do no damage.
The giant cockroach is almost dead.
The giant cockroach completely misses you.
The rat completely misses you. The giant cockroach barely misses you.
There are monsters nearby!
You hit the giant cockroach.
You kill the giant cockroach!
The rat twitches its whiskers.
The rat barely misses you.
A rat is nearby!
You hit the rat but do no damage. The rat closely misses you.
A rat is nearby!
You hit the rat.
You kill the rat!
You now have 30 gold pieces (gained 14).
Found a meat ration.
No target in view!
A kobold comes into view. It is wielding a whip.
The kobold shouts!
Found 19 stones.
A kobold is nearby!
You start resting.
The kobold hits you with a whip.
* * * LOW HITPOINT WARNING * * *
You are too injured to fight recklessly!
You are too injured to fight recklessly!
You closely miss the kobold. The kobold hits you with a whip.
You die...

##..####..... #...#
#...## #..## #.####
.#########..# #.# #
.............#####.####
................##....#
................#####.#
...#####.(........##.#
% #.@.........##.##.#
#K###............%# #(#
#........#.#### #.#
#........#....# #.#
#......%.#....# #.#
#........#.#### #.#
#........#.# #.#
#..........# #.#
###.......#


You could see a kobold.

Vanquished Creatures
  A giant cockroach (D:1)
  A goblin (D:1)
  2 bats (D:1)
  A kobold (D:1)
  A rat (D:1)
6 creatures vanquished.

Notes
Turn   | Place    | Note
--------------------------------------------------------------
     0 | D:1      | Amnesiac, the Spriggan Gladiator, began the quest for the Orb.
     0 | D:1      | Reached XP level 1. HP: 10/10 MP: 2/2
   208 | D:1      | Slain by a kobold

Action                   || total
-------------------------++-------
Melee: Quarterstaff      ||    19
